 Dungeon Crawl Stone Soup version 0.29.1-12-g30fa7ad0bf (webtiles) character file.

Game seed: 6374406767031677928

797 Rambler the Ruffian (level 7, -6/70 HPs)
             Began as a Troll Fighter on Jan 10, 2023.
             Killed from afar by an orc wizard (11 damage)
             ... with a puff of flame
             ... on level 7 of the Dungeon.
             The game lasted 00:15:56 (2814 turns).

Rambler the Ruffian (Troll Fighter)                 Turns: 2814, Time: 00:15:57

Health: -6/70      AC:  7    Str: 25    XL:     7   Next: 58%
Magic:  6/6        EV:  8    Int:  6    God:
Gold:   247        SH:  8    Dex:  9    Spells: 6/6 levels left

rFire   . . .      SeeInvis .     - Unarmed
rCold   . . .      Faith    .   b - +0 kite shield
rNeg    . . .      Spirit   .   f - +0 troll leather armour {Pargi}
rPois   .          Reflect  .   (helmet restricted)
rElec   .          Harm     .   j - +0 cloak
rCorr   .          Rampage  .   (gloves unavailable)
Will    +....                   (boots unavailable)
Stlth   +.........              (no amulet)
HPRegen 1.81/turn               s - ring of willpower
MPRegen 0.10/turn               v - +4 ring of slaying

@: about to teleport
A: large, unfitting armour, claws 3, regeneration 1, shaggy fur 1, tough skin 1
a: no special abilities


You were on level 7 of the Dungeon.
You visited 1 branch of the dungeon, and saw 7 of its levels.

You collected 247 gold pieces.

Inventory:

Missiles
 l - 6 poisoned darts (quivered)
Armour
 a - a +0 robe
 b - a +0 kite shield (worn)
 f - a +0 troll leather armour (worn) {Pargi}
 j - a +0 cloak (worn)
Jewellery
 s - a ring of willpower (left claw)
 v - a +4 ring of slaying (right claw)
Wands
 w - a wand of charming (9)
Scrolls
 d - a scroll of noise {unknown}
 e - 2 scrolls of teleportation
 k - a scroll of vulnerability {unknown}
 m - 2 scrolls of enchant weapon {unknown}
 q - a scroll of blinking {unknown}
 r - 3 scrolls of amnesia {unknown}
 u - 3 scrolls of magic mapping {unknown}
 x - a scroll of fog {unknown}
Potions
 c - a potion of might
 g - a potion of brilliance
 h - 3 potions of curing
 i - a potion of attraction {unknown}
 n - 2 potions of degeneration {unknown}
 o - a potion of haste {unknown}
 p - 3 potions of resistance
 t - a potion of lignification {unknown}


   Skills:
 + Level 4.2 Fighting
 - Level 2.4 Dodging
 + Level 4.7 Shields
 * Level 6.3 Unarmed Combat


You had 6 spell levels left.
You didn't know any spells.
Your spell library contained the following spells:

 Spells                   Type           Power      Damage    Failure   Level
 Freeze                   Ice            0%         1d3       78%         1
 Summon Small Mammal      Summ           0%         N/A       78%         1
 Ensorcelled Hibernation  Hex/Ice        0%         N/A       89%         2
 Call Canine Familiar     Summ           0%         N/A       98%         3
 Frozen Ramparts          Ice            0%         1d1       98%         3
 Spider Form              Tmut/Pois      0%         N/A       98%         3
 Summon Guardian Golem    Hex/Summ       0%         N/A       98%         3
 Anguish                  Hex/Necr       0%         N/A       100%        4
 Hailstorm                Conj/Ice       0%         3d3       100%        4
 Summon Lightning Spire   Summ/Air       0%         N/A       100%        4
 Storm Form               Tmut/Air       0%         N/A       100%        7
 Maxwell's Capacitive Co  Air            0%         ∞         100%        8


Dungeon Overview and Level Annotations

Branches:
Dungeon (8/15)
 Temple: D:4-7         Lair: D:8-11

Altars:

Annotations:
D:8 Psyche


Innate Abilities, Weirdness & Mutations

You are too large for most types of armour.
You have claws for hands.
Your natural rate of healing is unusually fast.
You are covered in fur. (AC +1)
You have tough skin. (AC +1)


Message History

You block the orc's attack. Something hits you.
You block the orc warrior's attack.
You scratch the gargoyle but do no damage.
The gargoyle is severely damaged.
A killer bee comes into view.
You block the gargoyle's attack. The orc hits you with a +0 flail.
Something hits you. The orc warrior barely misses you.
The killer bee buzzes angrily.
You scratch the gargoyle but do no damage.
The gargoyle is severely damaged.
You hear an angry buzzing noise. x3
The gargoyle hits you with a +0 dire flail!
The orc hits you but does no damage.
You hear some strange, mumbled words.
A puff of flame appears from out of thin air!
The puff of flame hits you.
The orc warrior hits you from afar with a +0 halberd!
* * * LOW HITPOINT WARNING * * *
You hear a shout!
You claw the gargoyle!
You destroy the gargoyle!
You block the orc's attack. Something hits you.
* * * LOW HITPOINT WARNING * * *
The orc warrior hits you from afar with a +0 halberd.
* * * LOW HITPOINT WARNING * * *
The orc priest invokes the aid of Beogh against you.
You resist with some effort.
Your Fighting skill increases to level 4!
Your Unarmed Combat skill increases to level 6!
As you read the scroll of teleportation, it crumbles to dust.
You feel strangely unstable. The orc barely misses you.
You block something's attack.
The orc warrior hits you from afar with a +0 halberd!
* * * LOW HITPOINT WARNING * * *
A killer bee comes into view.
You block the orc's attack.
You hear some strange, mumbled words.
A puff of flame appears from out of thin air!
The puff of flame hits you!
You die...

## #.. #$.###
#.##....##
.......@o#
.>.....{.#
....####o#
..#.oo.oy######
#
#####..y......
#....##.9...
#.#### ....
####+###.# ...
.........# ..


You could see 2 killer bees, an orc priest and an orc.

Vanquished Creatures
  A gargoyle (D:7)
  Pargi (D:3)
  A centaur (D:4)
  A bullfrog (D:7)
  Blork the orc (D:4)
  A hound (D:4)
  An orc wizard (D:3)
  3 gnolls (D:4)
  6 adders
  A white imp (D:7)
  A worm (D:2)
  A dart slug (D:2)
  5 orcs
  7 ball pythons
  4 bats
  4 endoplasms
  2 giant cockroaches
  A hobgoblin (D:2)
  14 jackals
  2 quokkas
  4 frilled lizards
  5 goblins
  8 kobolds
  6 rats
81 creatures vanquished.

Notes
Turn   | Place    | Note
-------+----------+-------------------------------------------
     0 | D:1      | Rambler the Troll Fighter began the quest for the Orb.
     0 | D:1      | Reached XP level 1. HP: 22/22 MP: 0/0
    43 | D:1      | Found a faded altar of an unknown god.
   259 | D:1      | Reached XP level 2. HP: 29/29 MP: 1/1
   679 | D:2      | Reached XP level 3. HP: 14/36 MP: 2/2
   761 | D:2      | Reached skill level 3 in Unarmed Combat
  1467 | D:3      | Noticed Pargi
  1472 | D:3      | Killed Pargi
  1473 | D:3      | Reached skill level 4 in Unarmed Combat
  1473 | D:3      | Reached XP level 4. HP: 44/45 MP: 3/3
  1473 | D:3      | Reached XP level 5. HP: 52/53 MP: 4/4
  2208 | D:4      | Reached XP level 6. HP: 55/61 MP: 5/5
  2512 | D:4      | Reached skill level 5 in Unarmed Combat
  2595 | D:4      | Noticed Blork the orc
  2602 | D:4      | Killed Blork the orc
  2730 | D:5      | Entered Level 5 of the Dungeon
  2738 | D:5      | You fall into a shaft and drop 3 floors!
  2772 | D:8      | Noticed a hornet
  2773 | D:8      | Noticed Psyche
  2790 | D:7      | Reached XP level 7. HP: 68/68 MP: 6/6
  2801 | D:7      | Noticed a gargoyle
  2812 | D:7      | Killed a gargoyle
  2813 | D:7      | Reached skill level 6 in Unarmed Combat
  2813 | D:7      | HP: 3/70 [orc warrior/+0 halberd (8)]
  2814 | D:7      | Killed from afar by an orc wizard

Illustrated notes

Levels and vault maps discovered:
D:1:      dpeg_arrival_round_c, layout_basic, dreamdust_ecumenical_altar_grove
D:2:      layout_basic
D:3:      layout_rooms, kennysheep_generic_room_3, uniq_pargi
D:4:      layout_basic, minmay_misc_feat_hallway, uniq_blork_the_orc
D:5:      layout_loops_ring, palyth_temple_overflow_mages,
          minmay_misc_feat_cross, amcnicky_mini_pool_small, uniq_ijyb,
          uniq_pikel
D:7:      layout_basic, uniq_maggie, uniq_duvessa
D:8:      layout_cave_pools, hangedman_abyss_or_decor_clamps, uniq_joseph,
          uniq_psyche

Skill      XL: |  1  2  3  4  5  6  7 |
---------------+----------------------+-----
Shields        | 3 4 |  4.7
Unarmed Combat | 4 5 6 |  6.3
Fighting       | 3 4 |  4.2
Dodging        | |  2.4

Action                   |  1- 3 |  4- 6 |  7- 9 || total
-------------------------+-------+-------+-------++-------
Melee: Unarmed           |   104 |   103 |     8 ||   215
Throw: Dart              |     3 |     4 |       ||     7
  Use: Scroll            |     3 |     1 |     1 ||     5
Armor: Robe              |    64 |       |       ||    64
       Troll leather arm |       |    37 |     2 ||    39
Dodge: Dodged            |    44 |    32 |     3 ||    79
Block: Kite shield       |    52 |    48 |     8 ||   108
